[Event "*** Titled Tuesday Blitz"]
[Site "Chess.com"]
[Date "2020.11.10"]
[Round "9"]
[White "IwkooO"]
[Black "Barmen_EV"]
[Result "0-1"]
[WhiteElo "2615"]
[BlackElo "2448"]
[TimeControl "180+1"]
[EndTime "11:48:51 PST"]
[Termination "Barmen_EV won by resignation"]

1. e4 c5 2. Nf3 Nc6 3. d4 cxd4 4. Nxd4 e5 5. Nb5 d6 6. c4 Be7 7.
N1c3 a6 8. Na3 f5 9. exf5 Bxf5 10. Bd3 Be6 11. Nc2 Nf6 12. O-O O-O 13. Ne3 Qd7 14. Ned5 Rae8 15. Nxe7+ Rxe7 16. Bg5 Ref7 17. Bxf6 Rxf6 18.
Ne4 Rh6 19. Nxd6 Bg4 20. Qb3 Rxd6 21. c5+ Be6 22. Bc4 Bxc4 23. Qxc4+ Qe6 24. Qe4 Rd4 25. Qe2 Qd5 26. Rac1 Rd2 27. Qe3 Rxb2 0-1

[Event "*** Titled Tuesday Blitz"]
[Site "Chess.com"]
[Date "2020.11.10"]
[Round "9"]
[White "Javylavilla"]
[Black "yourstrulyme"]
[Result "0-1"]
[WhiteElo "2253"]
[BlackElo "2389"]
[TimeControl "180+1"]
[EndTime "11:48:58 PST"]
[Termination "yourstrulyme won by resignation"]

1. e4 Nf6 2. e5 Nd5 3. d4 d6 4. c4 Nb6 5. exd6 cxd6 6. Nc3 g6 7.
Be3 Bg7 8. Rc1 O-O 9. b3 e5 10. dxe5 dxe5 11. Qxd8 Rxd8 12. Nf3 Nc6 13. Be2 Nd4 14. O-O Nxe2+ 15. Nxe2 Bf5 16. Nc3 h6 17. Bxb6 axb6 18. a4 Rd3 19. Rfd1 Rxc3 20. Rxc3 e4 21. Nd4 Rd8 22. Rc2 Bxd4 23. Rcd2 e3 24. Rxd4 Rxd4 25. Rxd4 e2 26. Rd8+ Kg7 27. Re8 Be6 0-1

[Event "*** Titled Tuesday Blitz"]
[Site "Chess.com"]
[Date "2020.11.10"]
[Round "9"]
[White "IMprovidence"]
[Black "mjray79"]
[Result "1-0"]
[WhiteElo "2396"]
[BlackElo "2474"]
[TimeControl "180+1"]
[EndTime "11:49:03 PST"]
[Termination "IMprovidence won by resignation"]

1. c4 Nf6 2. g3 g6 3. Bg2 Bg7 4. Nc3 d6 5. Rb1 O-O 6. b4 e5 7. d3 Ne8 8. e3 f5 9. Nge2 g5 10. f4 exf4 11. exf4 gxf4 12. Bxf4 Nf6 13. O-O Nbd7 14.
h3 Nh5 15. Be3 Ne5 16. Qd2 Qe8 17. Nd5 Qf7 18. Kh2 c6 19. Ndf4 Nf6 20. b5 Bd7 21. a4 Rfe8 22. Nd4 Neg4+ 23. hxg4 Nxg4+ 24. Kg1 Nxe3 25. Nf3 Nxg2 26. Kxg2 d5 27. Rh1 dxc4 28. Ng5 Qg6 29.
Nxg6 1-0

[Event "*** Titled Tuesday Blitz"]
[Site "Chess.com"]
[Date "2020.11.10"]
[Round "9"]
[White "Boudicca64"]
[Black "Buryshin_Vasyl"]
[Result "1-0"]
[WhiteElo "1855"]
[BlackElo "2195"]
[TimeControl "180+1"]
[EndTime "11:49:04 PST"]
[Termination "Boudicca64 won by resignation"]

1. e4 c5 2. g3 Nc6 3. Bg2 d6 4. Ne2 Bd7 5. O-O g6 6. c3 Bg7 7. d4 cxd4 8. cxd4 e6 9. Nbc3 Qb6 10. Be3 Qc7 11. Rc1 Nge7 12. d5 exd5 13. Nxd5 Qd8 14. Bg5 O-O 15. Nf6+ Kh8 16. Qxd6 Bxf6 17. Bxf6+ Kg8 18.
Qf4 Rc8 19. Qh6 1-0

[Event "*** Titled Tuesday Blitz"]
[Site "Chess.com"]
[Date "2020.11.10"]
[Round "9"]
[White "GM_LOADING"]
[Black "Witik"]
[Result "0-1"]
[WhiteElo "2486"]
[BlackElo "2664"]
[TimeControl "180+1"]
[EndTime "11:49:10 PST"]
[Termination "Witik won by resignation"]

1. Nf3 d5 2. g3 c6 3. Bg2 Bg4 4. c4 Nd7 5. O-O Ngf6 6. Qb3 Qb6 7. d3 e6 8. Be3 Bc5 9. Bxc5 Nxc5 10. Qxb6 axb6 11. cxd5 exd5 12. Nc3 O-O 13. Nd4 Rfe8 14. h3 Bd7 15. Rfc1 Na4 16. Kf1 c5 17. Nf3 Bc6 18.
d4 Nxb2 19. e3 Ra3 20. Rc2 Nc4 21. Rb1 Rxe3 0-1

[Event "*** Titled Tuesday Blitz"]
[Site "Chess.com"]
[Date "2020.11.10"]
[Round "9"]
[White "Orest_Vovk"]
[Black "Unknown_IM"]
[Result "0-1"]
[WhiteElo "2580"]
[BlackElo "2406"]
[TimeControl "180+1"]
[EndTime "11:49:12 PST"]
[Termination "Unknown_IM won by resignation"]

1. d4 d5 2. Bf4 c6 3. e3 Qb6 4. b3 Nf6 5. Nf3 Nh5 6. Bxb8 Rxb8 7. Be2 Nf6 8. O-O h6 9. c4 Bf5 10. Nc3 e6 11. Na4 Qc7 12. Ne5 Be7 13. f4 Nd7 14. Bd3 Bxd3 15. Qxd3 O-O 16. e4 dxe4 17.
Qxe4 Nf6 18. Qf3 Rbd8 19. Rad1 c5 20. dxc5 Bxc5+ 21. Nxc5 Qxc5+ 22. Kh1 Qb6 23. h3 Qa6 24. Rxd8 Rxd8 25. Rd1 Rxd1+ 26. Qxd1 Qa5 27. Qd7 Nxd7 0-1

[Event "*** Titled Tuesday Blitz"]
[Site "Chess.com"]
[Date "2020.11.10"]
[Round "9"]
[White "1977Ivan"]
[Black "Pliukha_Mikhail"]
[Result "1-0"]
[WhiteElo "2690"]
[BlackElo "2495"]
[TimeControl "180+1"]
[EndTime "11:49:17 PST"]
[Termination "1977Ivan won by resignation"]

1. d4 Nf6 2. Nc3 e6 3. e4 d5 4. e5 Nfd7 5. Nce2 c5 6. c3 Nc6 7.
Nf3 cxd4 8. cxd4 Bb4+ 9. Bd2 Qa5 10. Bxb4 Nxb4 11. Nc3 O-O 12. a3 Nc6 13. Bd3 b6 14. O-O b5 15. Bxh7+ Kxh7 16. Ng5+ Kg6 17. h4 Qb6 18.
Ne2 Kh6 19. Nf4 g6 20. Qg4 Qxd4 21. Nxf7+ 1-0

[Event "*** Titled Tuesday Blitz"]
[Site "Chess.com"]
[Date "2020.11.10"]
[Round "9"]
[White "Stormeman100100"]
[Black "Evgeny81"]
[Result "0-1"]
[WhiteElo "2553"]
[BlackElo "2712"]
[TimeControl "180+1"]
[EndTime "11:49:18 PST"]
[Termination "Evgeny81 won by resignation"]

1. d4 Nf6 2. c4 e5 3. dxe5 Ne4 4. Nd2 Nc5 5. Ngf3 Nc6 6. Nb3 Nxb3 7. Qxb3 Bb4+ 8.
Bd2 Bxd2+ 9. Kxd2 Qe7 10. Qc3 d6 11. exd6 Qxd6+ 12. Qd3 Qf6 13. Qc3 Qd6+ 14. Qd3 Qe7 15. e3 Be6 16. Nd4 O-O-O 17. Qc3 Nxd4 18. exd4 Qf6 19. d5 Qxf2+ 20. Be2 Bxd5 0-1

[Event "*** Titled Tuesday Blitz"]
[Site "Chess.com"]
[Date "2020.11.10"]
[Round "9"]
[White "TokChess"]
[Black "monalize"]
[Result "1-0"]
[WhiteElo "2454"]
[BlackElo "2305"]
[TimeControl "180+1"]
[EndTime "11:49:26 PST"]
[Termination "TokChess won by resignation"]

1. Nf3 d5 2. g3 Nf6 3. Bg2 g6 4. O-O Bg7 5. d4 O-O 6. Nbd2 Bf5 7. c4 c6 8. b3 Na6 9. Bb2 Rc8 10. Rc1 Qa5 11. a3 Rfd8 12. e3 Bd3 13. Re1 c5 14.
dxc5 Qxc5 15. b4 Qd6 16. c5 Qe6 17. Nb3 Bc4 18. Na5 Bb5 19. Nxb7 Rd7 20. Nd4 1-0

[Event "*** Titled Tuesday Blitz"]
[Site "Chess.com"]
[Date "2020.11.10"]
[Round "9"]
[White "kirillshevchenko"]
[Black "thedjoker98"]
[Result "1-0"]
[WhiteElo "2851"]
[BlackElo "2581"]
[TimeControl "180+1"]
[EndTime "11:49:27 PST"]
[Termination "kirillshevchenko won by resignation"]

1. e4 e5 2. d3 Nf6 3. f4 exf4 4.
Bxf4 d5 5. e5 Nfd7 6. d4 c5 7. c3 Nc6 8. Nf3 Be7 9. Bd3 O-O 10. h4 h6 11. Bc2 Qb6 12. Bxh6 gxh6 13. Qd3 f5 14. exf6 Rxf6 15. Qh7+ Kf8 16. O-O cxd4 17.
Bg6 dxc3+ 18. Kh1 Bd8 19. Nxc3 Ne7 20. Ng5 Nxg6 21. Nxd5 hxg5 22. Nxb6 Nxb6 23. Qxg6 1-0

[Event "*** Titled Tuesday Blitz"]
[Site "Chess.com"]
[Date "2020.11.10"]
[Round "9"]
[White "geordie_derraugh"]
[Black "Sueetin"]
[Result "1-0"]
[WhiteElo "2473"]
[BlackElo "2303"]
[TimeControl "180+1"]
[EndTime "11:49:32 PST"]
[Termination "geordie_derraugh won by resignation"]

1. e4 e5 2. Nf3 Nc6 3. d4 exd4 4. Bc4 Bc5 5. c3 Nf6 6. O-O Nxe4 7. cxd4 Bb4 8. Qb3 O-O 9. d5 Nc5 10. Qc2 Ne7 11. a3 Ba5 12. b4 d6 13. bxa5 Bf5 14.
Qc3 Ne4 15. Qd4 Ng6 16. Bb2 f6 17. Nbd2 Re8 18. Rfe1 Qd7 19. Nxe4 1-0

[Event "*** Titled Tuesday Blitz"]
[Site "Chess.com"]
[Date "2020.11.10"]
[Round "9"]
[White "elamier"]
[Black "Shuvalov"]
[Result "0-1"]
[WhiteElo "2341"]
[BlackElo "2456"]
[TimeControl "180+1"]
[EndTime "11:49:35 PST"]
[Termination "Shuvalov won by resignation"]

1. e4 e6 2. d4 d5 3. e5 c5 4.
c3 Nc6 5. Nf3 Qb6 6. a3 Bd7 7.
b4 cxd4 8. cxd4 Rc8 9. Bb2 Nh6 10. Nc3 Na5 11. Na4 Qc6 12. Rc1 Nc4 13. Bxc4 dxc4 14.
Nc3 b5 15. O-O Qb7 16. d5 exd5 17. Nxd5 Be6 18. Nf4 Be7 19. Nd4 Bg4 20. f3 Bd7 21. e6 fxe6 22. Nfxe6 Bxe6 23. Nxe6 Qb6+ 24. Nd4 O-O 25. Kh1 Bf6 26. Qd2 Rfd8 27. Rfd1 Nf5 28. Nxf5 Rxd2 29. Rxd2 Bxb2 30. Rxb2 Qf6 0-1

[Event "*** Titled Tuesday Blitz"]
[Site "Chess.com"]
[Date "2020.11.10"]
[Round "9"]
[White "anpospan"]
[Black "Rakhimzhan_Alen"]
[Result "0-1"]
[WhiteElo "2431"]
[BlackElo "2618"]
[TimeControl "180+1"]
[EndTime "11:49:40 PST"]
[Termination "Rakhimzhan_Alen won by resignation"]

1. d4 Nf6 2. c4 e6 3. Nc3 Bb4 4. a3 Bxc3+ 5. bxc3 d5 6. cxd5 exd5 7. e3 O-O 8. Bd3 c5 9. Ne2 b6 10. O-O Ba6 11.
Bxa6 Nxa6 12. f3 h5 13. Qd3 Nc7 14. e4 cxd4 15. cxd4 dxe4 16. fxe4 Ne6 17. Bb2 Nc5 18. Qh3 Ncxe4 19. Rf4 Qc8 20. Qd3 Re8 21. Raf1 Qc6 22. d5 Qxd5 23. Qxd5 Nxd5 24. Rxf7 Nef6 25. Rb7 Rxe2 26. Bxf6 Nxf6 27. Rc1 Rae8 28. Rcc7 Re1+ 29. Kf2 R8e2+ 30. Kg3 Re3+ 31. Kf4 Nd5+ 0-1

[Event "*** Titled Tuesday Blitz"]
[Site "Chess.com"]
[Date "2020.11.10"]
[Round "9"]
[White "HouseOfDurin"]
[Black "ailime26"]
[Result "0-1"]
[WhiteElo "2157"]
[BlackElo "1981"]
[TimeControl "180+1"]
[EndTime "11:49:41 PST"]
[Termination "ailime26 won on time"]

1. d4 d5 2. Bg5 Nf6 3. Bxf6 gxf6 4. e3 e5 5. c4 c6 6. Nc3 Be6 7. dxe5 fxe5 8. cxd5 cxd5 9. Bb5+ Nc6 10. Nf3 Bd6 11.
O-O O-O 12. Nxd5 e4 13. Bxc6 bxc6 14. Nd4 cxd5 15. g3 Bh3 16. Re1 Qg5 17. f4 Qg6 18.
Ne2 Bg4 19. Qxd5 Rad8 20. Qc6 Bf3 21. Rad1 Qe6 22. Qa4 Qh3 0-1

[Event "*** Titled Tuesday Blitz"]
[Site "Chess.com"]
[Date "2020.11.10"]
[Round "9"]
[White "starworld123"]
[Black "shnitez"]
[Result "1-0"]
[WhiteElo "2685"]
[BlackElo "2527"]
[TimeControl "180+1"]
[EndTime "11:49:44 PST"]
[Termination "starworld123 won by resignation"]

1. Nf3 c5 2. c4 g6 3. d4 cxd4 4. Nxd4 Bg7 5. e4 Nc6 6. Be3 d6 7.
Nc3 Nf6 8. Be2 Ng4 9. Bxg4 Bxg4 10. Nxc6 Bxd1 11. Nxd8 Bxc3+ 12. bxc3 Ba4 13. Nxb7 a5 14.
c5 Bc6 15. Rb1 O-O 16. Rb6 Bxe4 17. f3 Bd5 18. cxd6 Rfb8 19. Nxa5 exd6 20. c4 Re8 21.
cxd5 Rxe3+ 22. Kf2 Rd3 23. Nc6 Rxa2+ 24. Kg3 Rxd5 25.
Ne7+ 1-0

[Event "*** Titled Tuesday Blitz"]
[Site "Chess.com"]
[Date "2020.11.10"]
[Round "9"]
[White "igorknyazev"]
[Black "PawnEatingZombie"]
[Result "1-0"]
[WhiteElo "2024"]
[BlackElo "2153"]
[TimeControl "180+1"]
[EndTime "11:49:47 PST"]
[Termination "igorknyazev won by resignation"]

1. e4 c6 2. f4 d5 3. e5 Bf5 4. Nf3 h5 5. d4 e6 6. Bd3 Nh6 7. O-O Be7 8. a4 Nd7 9. Be3 Bxd3 10. Qxd3 Nf5 11. Bf2 h4 12. Nc3 a6 13. Nd1 Qc7 14. Ne3 g6 15. Nxf5 gxf5 16. Ng5 Bxg5 17. fxg5 Nf8 18.
b4 Ng6 19. b5 axb5 20. axb5 Kd7 21. Rfb1 Ra5 22. bxc6+ bxc6 23. Rxa5 Qxa5 24. Rb7+ Kc8 25. Rxf7 Qa1+ 26. Qf1 Qxf1+ 27. Kxf1 Rf8 28. Rxf8+ Nxf8 29. Bxh4 1-0

[Event "*** Titled Tuesday Blitz"]
[Site "Chess.com"]
[Date "2020.11.10"]
[Round "9"]
[White "ehrenfeld"]
[Black "kidagent"]
[Result "1-0"]
[WhiteElo "2474"]
[BlackElo "2293"]
[TimeControl "180+1"]
[EndTime "11:49:48 PST"]
[Termination "ehrenfeld won by resignation"]

1. e4 c5 2. Nc3 Nc6 3. Bb5 Nd4 4. Nf3 a6 5. Bd3 g6 6. Nxd4 cxd4 7. Ne2 Bg7 8. c3 dxc3 9. bxc3 d5 10. O-O dxe4 11. Bxe4 Nf6 12. Bf3 O-O 13. d4 Nd5 14. Qb3 e6 15. Nf4 Nxc3 16. Ba3 Nb5 17. Bxf8 Qxf8 18. Ne2 Rb8 19. Rad1 Qa3 20. d5 Qxb3 21. axb3 exd5 22. Bxd5 Bf5 23. Rc1 Rd8 24. Rfd1 b6 25. Bxf7+ Kxf7 26. Rxd8 Bf6 27. Rb8 Bg5 28. Rc6 Bd3 29. Rb7+ Be7 30.
Ng3 Nd4 31. Rcc7 1-0

[Event "*** Titled Tuesday Blitz"]
[Site "Chess.com"]
[Date "2020.11.10"]
[Round "9"]
[White "sm_sharon"]
[Black "stepanosinovsky"]
[Result "0-1"]
[WhiteElo "2147"]
[BlackElo "2359"]
[TimeControl "180+1"]
[EndTime "11:49:49 PST"]
[Termination "stepanosinovsky won by resignation"]

1. d4 Nf6 2. c4 g6 3. Nc3 Bg7 4. e4 O-O 5. Be3 d6 6. f3 c5 7. dxc5 dxc5 8. Qxd8 Rxd8 9. Bxc5 Nc6 10. Nge2 Nd7 11. Ba3 Nde5 12. Nf4 b6 13. Nfd5 e6 14.
Ne3 Bh6 15. Nc2 Bd2+ 16. Ke2 Ba6 17. Rd1 Bxc4+ 18. Kf2 Bxc3 19. Rxd8+ Rxd8 20. Bxc4 Nxc4 21. bxc3 Rd2+ 0-1

[Event "*** Titled Tuesday Blitz"]
[Site "Chess.com"]
[Date "2020.11.10"]
[Round "9"]
[White "eightbyeightchess"]
[Black "Nils_03"]
[Result "1-0"]
[WhiteElo "2414"]
[BlackElo "2255"]
[TimeControl "180+1"]
[EndTime "11:49:58 PST"]
[Termination "eightbyeightchess won by resignation"]

1. e4 e5 2. Nf3 Nc6 3. d4 exd4 4.
c3 Nf6 5. e5 Ne4 6. Qe2 Nc5 7.
cxd4 Ne6 8. d5 Bb4+ 9. Bd2 Ncd4 10. Nxd4 Nxd4 11. Qe4 Bxd2+ 12. Nxd2 c5 13. d6 O-O 14. Bd3 g6 15. O-O Rb8 16. b4 b6 17. bxc5 bxc5 18. Rab1 f5 19. Qd5+ Ne6 20. Rxb8 Qa5 21. Bc4 Kg7 22. Nb3 Qc3 23. Rc1 Qb2 24. Qd2 Qxe5 25.
Bxe6 Qxe6 26. Qc3+ Kh6 27. Qe3+ Qxe3 28. fxe3 c4 29.
Rxc4 Ba6 30. Rh4+ Kg5 31. Rxf8 Kxh4 32. Rf7 1-0

[Event "*** Titled Tuesday Blitz"]
[Site "Chess.com"]
[Date "2020.11.10"]
[Round "9"]
[White "elohunter1999"]
[Black "xLuring1"]
[Result "1-0"]
[WhiteElo "2550"]
[BlackElo "2377"]
[TimeControl "180+1"]
[EndTime "11:50:02 PST"]
[Termination "elohunter1999 won by resignation"]

1. e4 c5 2. Nf3 e6 3. d4 cxd4 4.
Nxd4 a6 5. Bd3 e5 6. Nb3 h6 7.
c4 Nf6 8. O-O Be7 9. Nc3 O-O 10.
Be3 d6 11. Be2 Be6 12. f3 Nbd7 13. Rc1 Rc8 14. Nd5 Bxd5 15. cxd5 Nh5 16. Rxc8 Qxc8 17. Qc1 g5 18. g3 Ng7 19. g4 b5 20. Na5 Qa8 21. Qc6 Qxc6 22. Nxc6 Bd8 23. Nxd8 Rxd8 24. Rc1 Ne8 25. b4 Nb8 26. Bb6 1-0

[Event "*** Titled Tuesday Blitz"]
[Site "Chess.com"]
[Date "2020.11.10"]
[Round "9"]
[White "Azoulas1"]
[Black "gumimis"]
[Result "0-1"]
[WhiteElo "2062"]
[BlackElo "2203"]
[TimeControl "180+1"]
[EndTime "11:50:07 PST"]
[Termination "gumimis won by checkmate"]

1. e4 c5 2. Nf3 d6 3. Bb5+ Nd7 4. Ba4 Nf6 5. O-O e5 6. Re1 Be7 7. c3 O-O 8. Bc2 Nb8 9. d4 cxd4 10. cxd4 Nc6 11. d5 Nb4 12. Bb3 a5 13. a3 Na6 14. Nc3 Nc5 15. Bc2 Bd7 16. Be3 b6 17. b4 axb4 18. axb4 Na6 19. Qb1 Qc7 20.
Na4 Bxa4 21. Bxa4 Ng4 22. Bc6 Ra7 23. Ra4 Nxe3 24. Rxe3 Nb8 25. Rxa7 Qxa7 26. b5 Nd7 27. Re2 Nc5 28. Ra2 Qc7 29. Nd2 g6 30. f3 f5 31.
Qa1 fxe4 32. Nxe4 Nxe4 33. fxe4 Bg5 34. Ra7 Qxa7 35. Qxa7 Be3+ 36. Kh1 Rf1# 0-1

[Event "*** Titled Tuesday Blitz"]
[Site "Chess.com"]
[Date "2020.11.10"]
[Round "9"]
[White "GigaQuparadze"]
[Black "AliKa2810"]
[Result "1-0"]
[WhiteElo "2739"]
[BlackElo "2566"]
[TimeControl "180+1"]
[EndTime "11:50:10 PST"]
[Termination "GigaQuparadze won by resignation"]

1. e4 e5 2. f4 d5 3. exd5 exf4 4. d4 Qh4+ 5. Ke2 Bg4+ 6. Nf3 Nf6 7. c4 Bd6 8. Qe1 Qh5 9. Kf2+ Kd8 10. Be2 Re8 11.
Nc3 Bxf3 12. gxf3 c6 13. c5 Qh4+ 14. Kg2 Qg5+ 15. Kf1 Nxd5 16. Nxd5 cxd5 17. cxd6 Nc6 18. Qf2 Rc8 19. Bd2 Qf6 20. Bc3 Qxd6 21. Rg1 Qf6 22. Bb5 Rc7 23. Re1 Rxe1+ 24. Qxe1 Re7 25. Qf2 g6 26. Kg2 Re3 27. Kh1 Nxd4 28. Qd2 1-0

[Event "*** Titled Tuesday Blitz"]
[Site "Chess.com"]
[Date "2020.11.10"]
[Round "9"]
[White "hypert"]
[Black "Roman_Ovetchkin"]
[Result "0-1"]
[WhiteElo "2473"]
[BlackElo "2607"]
[TimeControl "180+1"]
[EndTime "11:50:25 PST"]
[Termination "Roman_Ovetchkin won by resignation"]

1. e4 c6 2. Nf3 d5 3. Nc3 dxe4 4. Nxe4 Nf6 5. Qe2 Bg4 6. Nxf6+ gxf6 7. h3 Bh5 8. g4 Bg6 9. d3 c5 10. Bg2 Nc6 11. Be3 e6 12. Nh4 Qc7 13. O-O-O Bd6 14.
Qd2 O-O-O 15. f4 f5 16. Qf2 Nd4 17. c3 Bxf4 18. gxf5 exf5 19. Bxf4 Qxf4+ 20. Rd2 Ne6 21. Qe1 Rxd3 22. Nf3 Rhd8 23. Rf1 Rxd2 24. Nxd2 Qg5 25.
Qe5 0-1

[Event "*** Titled Tuesday Blitz"]
[Site "Chess.com"]
[Date "2020.11.10"]
[Round "9"]
[White "Chessdreamer2020"]
[Black "Gabrielian_Artur"]
[Result "0-1"]
[WhiteElo "2513"]
[BlackElo "2767"]
[TimeControl "180+1"]
[EndTime "11:50:27 PST"]
[Termination "Gabrielian_Artur won by resignation"]

1. e4 Nf6 2. Nc3 e5 3. Nf3 Nc6 4. d4 exd4 5. Nxd4 Bb4 6. Nxc6 bxc6 7. Bd3 O-O 8. O-O Re8 9. Qf3 h6 10. h3 a5 11. Ne2 d6 12. Ng3 Bc5 13. c3 Nd7 14.
Bc2 Ne5 15. Qh5 Qf6 16. Nf5 Ba6 17. Re1 Bd3 18. Bb3 a4 19. Bd1 d5 20. Be3 Bxe3 21. Nxe3 Bxe4 22. Ng4 Nxg4 23. Bxg4 Bg6 0-1

[Event "*** Titled Tuesday Blitz"]
[Site "Chess.com"]
[Date "2020.11.10"]
[Round "9"]
[White "Mikasinski"]
[Black "PaulfromSPb"]
[Result "0-1"]
[WhiteElo "2483"]
[BlackElo "2690"]
[TimeControl "180+1"]
[EndTime "11:50:32 PST"]
[Termination "PaulfromSPb won by resignation"]

1. e4 c5 2. Nf3 a6 3. Nc3 b5 4.
d4 b4 5. Na4 cxd4 6. Qxd4 Nc6 7. Qe3 Nf6 8. Bc4 e6 9. e5 Ng4 10. Qe4 f5 11. exf6 Nxf6 12. Qe3 d5 13. Bb3 Bd6 14. h3 O-O 15. O-O Kh8 16. Rd1 Ne4 17. Qe1 Qf6 18. Nb6 Rb8 19. Nxc8 Rbxc8 20. Be3 Qxb2 21.
Qf1 Qf6 22. Qxa6 Ne5 23. Nxe5 Qxe5 24. Bd4 Qh2+ 25. Kf1 Qh1+ 26. Ke2 Qxg2 27. Qd3 Rxf2+ 28. Bxf2 0-1

[Event "*** Titled Tuesday Blitz"]
[Site "Chess.com"]
[Date "2020.11.10"]
[Round "9"]
[White "KetiGrant"]
[Black "FMJoseHerrera"]
[Result "1-0"]
[WhiteElo "2426"]
[BlackElo "2560"]
[TimeControl "180+1"]
[EndTime "11:50:32 PST"]
[Termination "KetiGrant won by resignation"]

1. e4 c5 2. Nf3 e6 3. d4 cxd4 4. Nxd4 a6 5. Bd3 Qc7 6. O-O b6 7. Nc3 Bb7 8. Qe2 d6 9. f4 Nd7 10. Kh1 h5 11. Bd2 Ngf6 12. Rae1 h4 13. Rf3 Be7 14.
Rh3 O-O-O 15. Bxa6 Nc5 16. Bxb7+ Qxb7 17. b4 Ncd7 18.
Ncb5 g6 19. Rc3+ Nc5 20. bxc5 dxc5 21. Nf3 h3 22. Ng5 hxg2+ 23. Qxg2 Rh4 24. Bc1 Rdh8 25. h3 Ng4 26. Nxf7 Rxh3+ 27. Rxh3 Rxh3+ 28. Qxh3 Nf2+ 29. Kg2 1-0

[Event "*** Titled Tuesday Blitz"]
[Site "Chess.com"]
[Date "2020.11.10"]
[Round "9"]
[White "Volodar_Murzin"]
[Black "tdf98pantani"]
[Result "0-1"]
[WhiteElo "2558"]
[BlackElo "2719"]
[TimeControl "180+1"]
[EndTime "11:50:34 PST"]
[Termination "tdf98pantani won by resignation"]

1. d4 Nf6 2. Nf3 g6 3. Bg5 Bg7 4. e3 c5 5. Nbd2 cxd4 6. exd4 O-O 7. c3 d6 8. Bd3 Nc6 9. O-O h6 10. Bh4 e5 11. Re1 Qc7 12. dxe5 dxe5 13. Qb1 Nh5 14. Bc4 Kh7 15. Nf1 f5 16. N3d2 e4 17. Be2 Nf4 18. Bb5 Ne5 19. Bg3 g5 20. Ne3 Qb6 21. Bf1 Ned3 22. Rd1 Be6 23. Bxf4 gxf4 24. Nec4 Qxf2+ 25. Kh1 Rad8 26. Na5 Rf7 27. Nab3 Rfd7 28. Bxd3 Rxd3 29. Rf1 Qh4 30. Qc2 f3 31. gxf3 Be5 32. Nb1 Rd2 0-1

[Event "*** Titled Tuesday Blitz"]
[Site "Chess.com"]
[Date "2020.11.10"]
[Round "9"]
[White "canary2016"]
[Black "MVM2008"]
[Result "0-1"]
[WhiteElo "2012"]
[BlackElo "2185"]
[TimeControl "180+1"]
[EndTime "11:50:34 PST"]
[Termination "MVM2008 won by checkmate"]

1. d4 Nf6 2. Bf4 g6 3. Nc3 Bg7 4. e4 d6 5. Nf3 c6 6. Bc4 O-O 7. Qd2 Nxe4 8. Nxe4 d5 9. Bxd5 Qxd5 10. Ng3 Bg4 11. Ne5 Bxe5 12. Bxe5 Qxg2 13. Qh6 f6 14. Bxb8 Raxb8 15. Qf4 Qf3 16. Qxf3 Bxf3 17. Rg1 e5 18. dxe5 Rfe8 19. Kd2 Rxe5 20. Rae1 Rbe8 21. Rxe5 Rxe5 22. Kc3 Bd5 23. Rd1 Re8 24. Rd3 f5 25. Rd2 Kf7 26. Ne2 Be6 27. Nf4 Re7 28. Rd8 g5 29.
Nxe6 Kxe6 30. Rh8 Ke5 31. Rg8 Kf4 32. Ra8 a6 33. Rf8 h5 34. Kd3 Re5 35. Rf7 Kf3 36.
Rxb7 Kxf2 37. Rg7 g4 38. Rg6 f4 39. Rxc6 g3 40. hxg3 fxg3 41. Rg6 g2 42. c4 g1=Q 43. Rxg1 Kxg1 44. b4 h4 45. Kd4 Re8 46. Kd5 h3 47. c5 h2 48. c6 h1=Q+ 49. Kd6 Rc8 50. c7 Qh8 51. a4 Qf8+ 52. Kd7 Rxc7+ 53. Kxc7 Qxb4 54.
Kc6 Qxa4+ 55. Kb6 Qb5+ 56. Ka7 a5 57. Ka8 a4 58. Ka7 a3 59. Ka8 a2 60. Ka7 a1=Q# 0-1

[Event "*** Titled Tuesday Blitz"]
[Site "Chess.com"]
[Date "2020.11.10"]
[Round "9"]
[White "Natalya_Buksa"]
[Black "lilleper1"]
[Result "0-1"]
[WhiteElo "2571"]
[BlackElo "2817"]
[TimeControl "180+1"]
[EndTime "11:50:39 PST"]
[Termination "lilleper1 won by checkmate"]

1. d4 Nf6 2. Nc3 d5 3. Bf4 e6 4. e3 Bb4 5. Bd3 c5 6. dxc5 Nbd7 7. Ne2 a6 8. O-O Bxc5 9. e4 d4 10. Na4 e5 11. Nxc5 exf4 12. Nxd7 Nxd7 13. Nxf4 O-O 14. Nd5 Re8 15. f4 Nc5 16. Qf3 Be6 17. Rfe1 Bxd5 18.
exd5 Qa5 19. Re5 Nd7 20. Bxh7+ Kf8 21. Rxe8+ Rxe8 22. Qf2 Qxd5 23. Rd1 Nf6 24. Bd3 Re3 25. Bf1 Qe4 26. Rd3 Ng4 27. Qh4 Qxf4 28. h3 Qh2# 0-1

[Event "*** Titled Tuesday Blitz"]
[Site "Chess.com"]
[Date "2020.11.10"]
[Round "9"]
[White "ZverevLev"]
[Black "picturesquecheck"]
[Result "1-0"]
[WhiteElo "2256"]
[BlackElo "2095"]
[TimeControl "180+1"]
[EndTime "11:50:44 PST"]
[Termination "ZverevLev won by resignation"]

1. e4 c5 2. Nf3 Nc6 3. d4 cxd4 4. Nxd4 Nf6 5. Nc3 d6 6. Bg5 e6 7. Qd2 a6 8. O-O-O h6 9. Bxf6 Qxf6 10. f4 Qxd4 11.
Qxd4 Nxd4 12. Rxd4 Bd7 13. Be2 Be7 14. Rhd1 Bc6 15.
Bf3 O-O-O 16. R4d3 Kc7 17. g4 Rd7 18. b4 Rhd8 19.
a4 b6 20. b5 axb5 21. axb5 Bb7 22. Na4 Bf6 23. e5 Bxf3 24. Rxf3 dxe5 25. Rxd7+ Rxd7 26. Rc3+ Kb7 27. Rc6 exf4 28. Rxb6+ Ka7 29. Ra6+ Kb7 30. Nc5+ Kc7 31. b6+ Kc6 32. b7+ Kxc5 33. b8=Q f3 34. Qb6+ 1-0

[Event "*** Titled Tuesday Blitz"]
[Site "Chess.com"]
[Date "2020.11.10"]
[Round "9"]
[White "Mr_Sinigami"]
[Black "VinzentSpitzl"]
[Result "1-0"]
[WhiteElo "2537"]
[BlackElo "2337"]
[TimeControl "180+1"]
[EndTime "11:50:50 PST"]
[Termination "Mr_Sinigami won by resignation"]

1. d4 d5 2. Nf3 Nf6 3. Bf4 c5 4. e3 Nc6 5. c3 Qb6 6. Qc1 Bf5 7. dxc5 Qxc5 8. Nbd2 e6 9. Nd4 Bg6 10. N2f3 Be7 11. Be2 O-O 12. O-O Ne4 13. Nxc6 bxc6 14.
Ne5 Rfd8 15. c4 f6 16. b4 Qb6 17. c5 Qb7 18. Nxg6 hxg6 19. f3 e5 20. fxe4 exf4 21. exd5 cxd5 22. Rxf4 f5 23. b5 a6 24. c6 Qb6 25. a4 Bc5 26. Rf3 d4 27. a5 Qa7 28. b6 Qe7 29. c7 Re8 30. b7 dxe3 31.
bxa8=Q Rxa8 32. Qc4+ Kf8 33. Rc1 1-0

[Event "*** Titled Tuesday Blitz"]
[Site "Chess.com"]
[Date "2020.11.10"]
[Round "9"]
[White "fabianvivasz"]
[Black "Love_craft"]
[Result "0-1"]
[WhiteElo "2397"]
[BlackElo "2600"]
[TimeControl "180+1"]
[EndTime "11:50:51 PST"]
[Termination "Love_craft won by checkmate"]

1. e4 g6 2. d4 Bg7 3. Nc3 d6 4. f4 a6 5. Nf3 b5 6. Bd3 Bb7 7. e5 e6 8. Qe2 Ne7 9. a4 bxa4 10.
Rxa4 O-O 11. O-O Nf5 12. Qf2 Nd7 13. Ng5 c5 14. Bxf5 exf5 15. e6 cxd4 16. Ne2 Nc5 17. exf7+ Rxf7 18. Nxf7 Kxf7 19. Ra3 Qb6 20. Kh1 Ne4 21.
Qe1 Qc6 22. Rg1 Re8 23. Qd1 Nf2# 0-1